 Dungeon Crawl Stone Soup version 0.32-a0-433-g08bcfe7efd (webtiles) character file.

Game seed: 8386066653346268979

497 Pooter the Chopper (level 6, -1/57 HPs)
             Began as a Minotaur Fighter on Feb 23, 2024.
             Slain by an ogre
             ... wielding a +0 giant spiked club
              (16 damage)
             ... on level 5 of the Dungeon.
             The game lasted 00:12:18 (3295 turns).

Pooter the Chopper (Minotaur Fighter)               Turns: 3295, Time: 00:12:18

Health: -1/57      AC: 11    Str: 22    XL:     6   Next: 93%
Magic:  5/5        EV:  8    Int:  5    God:
Gold:   279        SH:  5    Dex: 16    Spells: 5/5 levels left

rFire   . . .        a - +0 war axe
rCold   . . .        c - +0 buckler
rNeg    . . .        B - +0 chain mail
rPois   .            (helmet restricted)
rElec   +            (no cloak)
rCorr   .            j - +0 pair of gloves
SInv    .            k - +0 pair of boots
Will    .....        p - amulet of Yendor {Acrobat rElec} Stlth
                     (no ring)
HPRegen 0.29/turn    n - +6 ring of dexterity
MPRegen 0.09/turn

%: acrobat
@: no status effects
A: horns 2, retaliatory headbutt
a: no special abilities


You were on level 5 of the Dungeon.
You visited 1 branch of the dungeon, and saw 5 of its levels.

You collected 279 gold pieces.

Inventory:

Hand Weapons
 a - a +0 war axe (weapon)
 b - a +5 flail
   (You took it off a wight on level 4 of the Dungeon)
Missiles
 E - 2 poisoned darts
 Q - 35 stones (quivered)
Armour
 c - a +0 buckler (worn)
 i - +0 steam dragon scales
   (You found it on level 3 of the Dungeon)
 j - a +0 pair of gloves (worn)
   (You found it on level 1 of the Dungeon)
 k - a +0 pair of boots (worn)
   (You found it on level 2 of the Dungeon)
 B - a +0 chain mail (worn)
   (You found it on level 4 of the Dungeon)
Jewellery
 n - a +6 ring of dexterity (right hand)
   (You found it on level 2 of the Dungeon)
 p - the amulet of Yendor (around neck) {Acrobat rElec}
   (You found it on level 2 of the Dungeon)

   [amulet of the acrobat]

   Acrobat:   It increases your evasion while moving and waiting.
   rElec:     It insulates you from electricity.
 C - the Hermit's Pendant {Faith Invo=14 Evo=0 MP+5}
   (You found it on level 4 of the Dungeon)

   [amulet of faith]

   Invo=14: It sets your Invocations skill to 14.
   Evo=0: It sets your Evocations skill to 0.
   Faith:     It allows you to gain divine favour quickly.
   MP+5:      It affects your magic capacity (+5).
 D - the ring of the Aged Invaders {rElec AC+4}
   (You found it on level 4 of the Dungeon)

   [ring of protection]

   AC+4:      It affects your AC (+4).
   rElec:     It insulates you from electricity.
 N - a ring of positive energy
   (You found it on level 1 of the Dungeon)
 W - a ring of wizardry
   (You found it on level 4 of the Dungeon)
Wands
 d - a wand of iceblast (4)
   (You found it on level 2 of the Dungeon)
 y - a wand of mindburst (11)
   (You found it on level 3 of the Dungeon)
Scrolls
 e - a scroll of poison {!r}
 g - 3 scrolls of revelation
 l - 3 scrolls of enchant weapon {unknown}
 o - 3 scrolls of enchant armour {unknown}
 t - 2 scrolls of teleportation {@r4}
 v - 2 scrolls of amnesia {unknown}
 w - a scroll of fear {unknown}
 x - a scroll of immolation {unknown}
 A - a scroll of torment {unknown}
Potions
 f - 3 potions of curing {unknown}
 h - 2 potions of attraction {!q}
 m - a potion of might
 q - a potion of cancellation {unknown}
 r - 2 potions of berserk rage {unknown}
 s - a potion of resistance {unknown}
 u - a potion of brilliance {unknown}
 z - a potion of degeneration {unknown}


   Skills:
 + Level 6.2 Fighting
 * Level 7.5 Axes
 - Level 3.6 Armour
 - Level 3.6 Shields


You had 5 spell levels left.
You didn't know any spells.
Your spell library was empty.

Dungeon Overview and Level Annotations

Branches:
Dungeon (5/15) Zot: 26647
 Temple: D:4-7

Altars:
Cheibriados


Innate Abilities, Weirdness & Mutations

You have a pair of horns on your head.
You reflexively headbutt those who attack you in melee.


Message History

You closely miss the adder. Your headbutt misses the adder.
The adder bites you.
You are poisoned.
The adder poisons you!
You hit the adder. You headbutt the adder.
You kill the adder!
You feel sick.
No target in view!
No target in view!
No target in view!
You feel sick.
You feel sick.
You are no longer poisoned.
You now have 270 gold pieces (gained 9).
E - 2 poisoned darts An adder comes into view.
The adder hisses angrily.
The adder bites you but does no damage. You block the adder's attack.
You barely miss the adder. You block the adder's attack.
You closely miss the adder.
The adder bites you but does no damage. x2
You closely miss the adder. The adder barely misses you.
You hit the adder.
The adder bites you but does no damage. x2
You slice the adder!!
You kill the adder!
No target in view!
You see here an adder corpse.
Found a club.
Found 9 gold pieces.
You now have 279 gold pieces (gained 9).
Found a club.
You see here a +0 club.
You see here a +0 club.
An ogre comes into view. It is wielding a +0 giant spiked club.
The ogre shouts!
You throw a stone. The stone closely misses the ogre.
You throw a stone.
The stone hits the ogre but does no damage.
You throw a stone.
The stone hits the ogre but does no damage.
You throw a stone. The stone hits the ogre.
You throw a stone. The stone hits the ogre.
You completely miss the ogre.
The ogre hits you with a +0 giant spiked club!!
You are too injured to fight recklessly!
You hit the ogre. You headbutt the ogre.
The ogre hits you with a +0 giant spiked club!!
* * * LOW HITPOINT WARNING * * *
You hit the ogre. You headbutt the ogre!
The ogre hits you with a +0 giant spiked club!
You die...

#........#
#.#......#
###.)......#
+............
###.....##.###
#.#.#.# .#
#.###.##.#
#....)...#
#####@#### #O#
#.# #.# #.#
#.# #.# ..#


You could see an ogre.

Vanquished Creatures
  A steam dragon (D:3)
  A scorpion (D:3)
  A wight (D:4)
  An iguana (D:4)
  Natasha (twice) (D:2)
  A sleepcap (D:4)
  8 adders
  3 ribbon worms
  A dart slug (D:1)
  2 orcs
  8 bats
  6 endoplasms
  5 giant cockroaches
  10 hobgoblins
  2 jackals (D:2)
  3 quokkas
  9 ball pythons
  12 frilled lizards
  4 goblins
  7 kobolds
87 creatures vanquished.

Notes
Turn   | Place    | Note
-------+----------+-------------------------------------------
     0 | D:1      | Pooter the Minotaur Fighter began the quest for the Orb.
     0 | D:1      | Reached XP level 1. HP: 19/19 MP: 0/0
   190 | D:1      | Reached skill level 3 in Axes
   202 | D:1      | Reached XP level 2. HP: 27/27 MP: 1/1
   913 | D:2      | Reached XP level 3. HP: 33/33 MP: 2/2
   946 | D:2      | Reached skill level 4 in Axes
  1065 | D:2      | Noticed Natasha
  1069 | D:2      | Reached XP level 4. HP: 35/41 MP: 3/3
  1073 | D:2      | Killed Natasha
  1181 | D:2      | Identified the amulet of Yendor {Acrobat rElec}
  1238 | D:2      | Reached skill level 5 in Axes
  1307 | D:2      | Noticed Natasha
  1314 | D:2      | Killed Natasha
  1315 | D:2      | Reached skill level 5 in Fighting
  1315 | D:2      | Reached XP level 5. HP: 47/48 MP: 4/4
  1740 | D:3      | Noticed a steam dragon
  1749 | D:3      | Killed a steam dragon
  1750 | D:3      | Reached skill level 6 in Axes
  1750 | D:3      | Reached XP level 6. HP: 24/57 MP: 5/5
  2487 | D:4      | Reached skill level 7 in Axes
  2625 | D:4      | Found a faded altar of an unknown god.
  2625 | D:4      | Found the Hermit's Pendant {Faith Invo=14 Evo=0 MP+5}
  2794 | D:4      | Identified the ring of the Aged Invaders {rElec AC+4}
  2927 | D:4      | Found a snail-covered altar of Cheibriados.
  3157 | D:5      | Entered Level 5 of the Dungeon
  3295 | D:5      | Slain by an ogre

Illustrated notes

Levels and vault maps discovered:
D:1:      nzn_arrival_depleted_hourglass, layout_basic, corexii_corridor_pit
D:2:      layout_loops_cross, kennysheep_boxes, uniq_natasha
D:3:      layout_basic, minmay_lizard_king
D:4:      layout_gridville, chei_slow_surprise, hellmonk_guarded_unrand_hermit
D:5:      layout_loops_corners, minmay_temple_entry_steel_oval, serial_shops,
          nicolae_shop_temple_entry_statues_fountains

Skill      XL: |  1  2  3  4  5  6 |
---------------+-------------------+-----
Axes           | 3 4 5 6 7 |  7.5
Fighting       | 4 5 6 |  6.2
Armour         | |  3.6
Shields        | |  3.6

Action                     |  1- 3 |  4- 6 || total
---------------------------+-------+-------++-------
  Melee: War axe           |    83 |    96 ||   179
         Headbutt          |     7 |    22 ||    29
  Throw: Stone             |       |     5 ||     5
  Evoke: Wand              |       |     2 ||     2
    Use: Scroll            |     1 |     3 ||     4
 Armour: Scale mail        |    64 |    29 ||    93
         Steam dragon scal |       |    16 ||    16
         Chain mail        |       |    10 ||    10
  Dodge: Dodged            |    36 |    59 ||    95
  Block: Buckler           |    20 |    22 ||    42

Table legend: (Time is in decaauts)
 A = Elapsed time spent in this place.
 B = Non-inter-level travel time spent in this place.
 C = Inter-level travel time spent in this place.
 D = Time resting spent in this place.
 E = Time spent auto-exploring this place.
 F = Levels seen in this place.
 G = Mean time per level.
                   A        B        C        D        E       F      G
               +--------+--------+--------+--------+--------+-----+--------+
         Total |   3351 |   3226 |    125 |    145 |   2389 |   5 |  670.2 |
       Dungeon |   3351 |   3226 |    125 |    145 |   2389 |   5 |  670.2 |
               +--------+--------+--------+--------+--------+-----+--------+

Top non-repeatable levels by time:
     D:1: 895 daAuts
     D:3: 825 daAuts
     D:2: 807 daAuts
     D:4: 682 daAuts
     D:5: 139 daAuts
